 Dungeon Crawl Stone Soup version 0.29.0-4-gdea44cf6ec (webtiles) character file.

Game seed: 14331709592620561426

1229 qw the Cleaver (level 8, -4/48 HPs)
             Began as a Tengu Warper on Aug 28, 2022.
             Slain by a yak (8 damage)
             ... on level 6 of the Dungeon.
             The game lasted 00:00:37 (5958 turns).

qw the Cleaver (Tengu Warper)                       Turns: 5958, Time: 00:00:37

Health: -4/48      AC: 11    Str: 14    XL:     8   Next: 48%
Magic:  12/12      EV:  8    Int: 14    God:
Gold:   166        SH:  0    Dex: 13    Spells: 11/11 levels left

rFire   . . .      SeeInvis .   e - +2 war axe (freeze)
rCold   + . .      Faith    .   (no shield)
rNeg    . . .      Spirit   .   g - +0 chain mail
rPois   .          Reflect  .   (helmet restricted)
rElec   .          Harm     .   l - +1 cloak
rCorr   +          Rampage  .   (no gloves)
Will    .....                   (boots unavailable)
Stlth   ..........              d - amulet of the acrobat
HPRegen 0.16/turn               a - ring of resist corrosion
MPRegen 0.13/turn               k - ring of protection from cold

@: flying quickly and evasively, quick
A: beak, talons 3, nimble flight
a: no special abilities


You were on level 6 of the Dungeon.
You visited 1 branch of the dungeon, and saw 6 of its levels.

You collected 166 gold pieces.


Innate Abilities, Weirdness & Mutations

You have a beak for a mouth.
You have claws for feet.
Your magical nature lets you fly swiftly and evasively.


   Skills:
 - Level 4.2 Fighting
 + Level 9.3 Axes
 - Level 1.0 Throwing
 - Level 4.2 Armour
 - Level 2.1 Dodging
 - Level 2.0 Spellcasting
 - Level 2.4 Translocations


You had 11 spell levels left.
You didn't know any spells.
Your spell library contained the following spells:

 Spells                   Type           Power      Damage    Failure   Level
 Blink                    Tloc           16%        N/A       97%         2
 Gell's Gravitas          Tloc           8%         N/A       99%         3
 Lesser Beckoning         Tloc           8%         N/A       99%         3
 Teleport Other           Tloc           8%         N/A       99%         3
 Manifold Assault         Tloc           8%         N/A       100%        5

Inventory:

Hand Weapons
 c - a +0 flail
 e - a +2 war axe of freezing (weapon)
Armour
 g - a +0 chain mail (worn)
 l - a +1 cloak (worn)
Jewellery
 a - a ring of resist corrosion (left hand)
 d - an amulet of the acrobat (around neck)
 k - a ring of protection from cold (right hand)
Scrolls
 h - a scroll of identify
Potions
 i - a potion of haste
 j - a potion of cancellation
 n - 2 potions of curing {unknown}

Dungeon Overview and Level Annotations

Branches:
Dungeon (6/15)
 Temple: D:4-7

Altars:
Cheibriados
Qazlal

Shops:
D:2 [   D:5 (


Message History

You peck the yak.
The yak is moderately wounded.
The yak gores you!
You slash the yak! You freeze the yak. You claw the yak.
The yak is severely wounded.
You hit the yak. You freeze the yak. The yak gores you but does no damage.
The yak barely misses you.
You barely miss the yak. Your kick misses the yak.
You peck the yak, but do no damage.
The yak is severely wounded.
You slash the yak! You freeze the yak. You closely miss the yak.
The yak gores you. The yak gores you! The yak completely misses you.
You slash the yak! You freeze the yak.
You kill the yak!
You hit the yak. You freeze the yak. You barely miss the yak.
The yak closely misses you. The yak barely misses you.
Your Fighting skill increases to level 4!
You hit the yak but do no damage.
The yak is moderately wounded.
You hit the yak but do no damage.
The yak gores you but does no damage. x2
You slash the yak! You freeze the yak. Your kick misses the yak.
The yak is severely wounded.
You hit the yak. You freeze the yak. You barely miss the yak.
The yak closely misses you. The yak gores you but does no damage.
The yak barely misses you.
You barely miss the yak. Your kick misses the yak.
The yak is severely wounded.
You closely miss the yak. You hit the yak. You freeze the yak.
The yak gores you. The yak gores you but does no damage.
The yak closely misses you.
You barely miss the yak. You claw the yak. You peck the yak.
The yak is almost dead.
You hit the yak. You freeze the yak. You hit the yak. You freeze the yak.
The yak gores you but does no damage. The yak gores you. x2
You hit the yak. You freeze the yak.
You kill the yak!
You barely miss the yak. You hit the yak. You freeze the yak.
The yak gores you!
You die...

#.. Y. #.# ...
###.###..
#..>....
#...$.#
######.....#
...........#
####.%.YY##.###
#.<.@.......
#.#.........
#.###.##.##.
#.# .# .# #.#
.# # #.# .# #.#
.. ####.# ..
#....#


You could see 2 yaks.

Vanquished Creatures
  4 yaks (D:6)
  Eustachio (D:3)
  An ice beast (D:5)
  A phantom (D:5)
  An iron imp (D:6)
  A gnoll bouda (D:5)
  4 orc priests
  2 hounds (D:5)
  An iguana (D:5)
  5 gnolls (D:5)
  9 adders
  A shadow imp (D:5)
  4 worms
  3 dart slugs
  12 orcs
  7 bats
  3 endoplasms
  6 goblins
  8 hobgoblins
  4 jackals (D:1)
  6 kobolds
  2 quokkas
  7 ball pythons
  2 frilled lizards
  5 rats
100 creatures vanquished.

Vanquished Creatures (others)
  6 plants (D:5)
6 creatures vanquished.

Grand Total: 106 creatures vanquished

Notes
Turn   | Place    | Note
-------+----------+-------------------------------------------
     0 | D:1      | qw the Tengu Warper began the quest for the Orb.
     0 | D:1      | Reached XP level 1. HP: 12/12 MP: 4/4
     0 | D:1      | 0 ||| qw: Version: 0.1-a-89-g26bdef1
     0 | D:1      | 0 ||| qw: Game counter: 1094
     0 | D:1      | 0 ||| qw: Always use a shield: true
     0 | D:1      | 0 ||| qw: God list: Okawaru
     0 | D:1      | 0 ||| qw: Allow faded altars: false
     0 | D:1      | 0 ||| qw: Do Orc after D:15 true
     0 | D:1      | 0 ||| qw: Do second Lair branch before Depths: true
     0 | D:1      | 0 ||| qw: Lair rune preference: random
     0 | D:1      | 0 ||| qw: Plans: Normal
     0 | D:1      | 0 ||| PLANNING D:1-11
    10 | D:1      | 10 ||| Stepping ~*~*~tactically~*~*~ (stealth).
    13 | D:1      | 13 ||| Stepping ~*~*~tactically~*~*~ (stealth).
    50 | D:1      | Reached skill level 3 in Axes
    50 | D:1      | Reached XP level 2. HP: 17/17 MP: 6/6
   448 | D:1      | Found a faded altar of an unknown god.
   930 | D:1      | 930 ||| READING scroll labelled NAREIPNONN.
   931 | D:1      | 931 ||| READING 3 scrolls labelled XESKUIP VYSYPA.
   932 | D:1      | 932 ||| READING scroll labelled DOSOGA LESTY.
   933 | D:1      | 933 ||| DRINKING 3 metallic yellow potions.
   934 | D:1      | 934 ||| DRINKING 2 puce potions.
  1039 | D:1      | 1039 ||| READING 2 scrolls of identify.
  1039 | D:1      | 1039 ||| IDENTIFYING blue potion
  1040 | D:1      | 1040 ||| DROPPING scroll of blinking.
  1041 | D:1      | 1041 ||| DROPPING potion of berserk rage.
  1120 | D:2      | 1120 ||| Stepping ~*~*~tactically~*~*~ (stealth).
  1158 | D:2      | Reached XP level 3. HP: 17/21 MP: 7/7
  1260 | D:2      | 1260 ||| Stepping ~*~*~tactically~*~*~ (hiding).
  1261 | D:2      | 1261 ||| Stepping ~*~*~tactically~*~*~ (hiding).
  1268 | D:2      | Reached skill level 4 in Axes
  1504 | D:2      | 1504 ||| Stepping ~*~*~tactically~*~*~ (stealth).
  1506 | D:2      | 1506 ||| Stepping ~*~*~tactically~*~*~ (hiding).
  2100 | D:2      | Found Lomamal's Antique Armour Shoppe.
  2104 | D:2      | 2104 ||| SHOPLISTING distressingly furry ring mail (207
                  | gold, have 63).
  2104 | D:2      | 2104 ||| SHOPLISTING plate armour (529 gold, have 63).
  2195 | D:2      | 2195 ||| UPGRADING to +0 chain mail.
  2205 | D:2      | 2205 ||| DROPPING +0 leather armour.
  2206 | D:2      | 2206 ||| READING scroll labelled MELLOTRAPN.
  2207 | D:2      | 2207 ||| READING scroll labelled WODARU LUGAZUDD.
  2212 | D:2      | 2212 ||| READING scroll labelled RAFILU BOXTERCH.
  2213 | D:2      | 2213 ||| READING 2 scrolls labelled XEGIMA CIANU.
  2214 | D:2      | 2214 ||| READING 2 scrolls of identify.
  2214 | D:2      | 2214 ||| IDENTIFYING black potion
  2215 | D:2      | 2215 ||| DROPPING potion of degeneration.
  2216 | D:2      | 2216 ||| DROPPING scroll of butterflies.
  2264 | D:3      | Reached XP level 4. HP: 26/26 MP: 8/8
  2336 | D:3      | 2336 ||| Stepping ~*~*~tactically~*~*~ (stealth).
  2351 | D:3      | 2351 ||| Stepping ~*~*~tactically~*~*~ (stealth).
  2386 | D:3      | 2386 ||| Stepping ~*~*~tactically~*~*~ (stealth).
  2615 | D:3      | Reached skill level 5 in Axes
  2780 | D:3      | Found a stormy altar of Qazlal.
  2804 | D:3      | 2804 ||| FLEEEEING.
  2805 | D:3      | 2805 ||| FLEEEEING.
  2806 | D:3      | 2806 ||| FLEEEEING.
  2807 | D:3      | 2807 ||| FLEEEEING.
  2808 | D:3      | 2808 ||| FLEEEEING.
  2811 | D:3      | 2811 ||| FLEEEEING.
  2812 | D:3      | 2812 ||| FLEEEEING.
  2813 | D:3      | 2813 ||| FLEEEEING.
  2834 | D:3      | Gained mutation: Your magical nature lets you fly swiftly
                  | and evasively. [Tengu growth]
  2834 | D:3      | Reached XP level 5. HP: 8/30 MP: 9/9
  2834 | D:3      | HP: 1/30 [orc/+0 flail (7)]
  2835 | D:3      | 2835 ||| DRINKING 2 potions of heal wounds.
  2901 | D:3      | 2901 ||| DROPPING +0 whip.
  2925 | D:3      | 2925 ||| FLEEEEING.
  2926 | D:3      | 2926 ||| FLEEEEING.
  2929 | D:3      | 2929 ||| FLEEEEING.
  2930 | D:3      | 2930 ||| FLEEEEING.
  2933 | D:3      | 2933 ||| FLEEEEING.
  2937 | D:3      | 2937 ||| FLEEEEING.
  2938 | D:3      | 2938 ||| FLEEEEING.
  2939 | D:3      | 2939 ||| FLEEEEING.
  2943 | D:3      | 2943 ||| FLEEEEING.
  2944 | D:3      | 2944 ||| FLEEEEING.
  2945 | D:3      | 2945 ||| FLEEEEING.
  2946 | D:3      | 2946 ||| FLEEEEING.
  2947 | D:3      | 2947 ||| FLEEEEING.
  2948 | D:3      | 2948 ||| FLEEEEING.
  2949 | D:3      | 2949 ||| FLEEEEING.
  2950 | D:3      | 2950 ||| FLEEEEING.
  2951 | D:3      | 2951 ||| FLEEEEING.
  2952 | D:3      | 2952 ||| FLEEEEING.
  2953 | D:3      | 2953 ||| FLEEEEING.
  2954 | D:3      | 2954 ||| FLEEEEING.
  2955 | D:3      | 2955 ||| FLEEEEING.
  2966 | D:3      | 2966 ||| FLEEEEING.
  2967 | D:3      | 2967 ||| FLEEEEING.
  2968 | D:3      | 2968 ||| FLEEEEING.
  2981 | D:3      | 2981 ||| FLEEEEING.
  2986 | D:3      | 2986 ||| FLEEEEING.
  2999 | D:3      | 2999 ||| FLEEEEING.
  3000 | D:3      | 3000 ||| FLEEEEING.
  3001 | D:3      | 3001 ||| FLEEEEING.
  3002 | D:3      | 3002 ||| FLEEEEING.
  3003 | D:3      | 3003 ||| FLEEEEING.
  3007 | D:3      | 3007 ||| STAIRDANCE
  3046 | D:2      | 3046 ||| UPGRADING to ring of resist corrosion.
  3186 | D:3      | 3186 ||| Stepping ~*~*~tactically~*~*~ (stealth).
  3210 | D:3      | 3210 ||| FLEEEEING.
  3266 | D:3      | 3266 ||| SWAPPING to +0 war axe of freezing.
  3267 | D:3      | 3267 ||| DROPPING +1 hand axe.
  3542 | D:4      | Noticed Eustachio
  3547 | D:4      | 3547 ||| STAIRDANCE
  3551 | D:4      | 3551 ||| STAIRDANCE
  3559 | D:3      | Killed Eustachio
  3560 | D:3      | Reached skill level 7 in Axes
  3560 | D:3      | Reached XP level 6. HP: 22/35 MP: 10/10
  3723 | D:4      | 3723 ||| READING scroll of enchant weapon.
  3723 | D:4      | 3723 ||| ENCHANTING +0 war axe of freezing.
  3774 | D:4      | 3774 ||| Stepping ~*~*~tactically~*~*~ (stealth).
  3845 | D:4      | Identified the +2 robe of Refuge {Dex+2 Archmagi}
  3932 | D:4      | 3932 ||| READING scroll of enchant weapon.
  3932 | D:4      | 3932 ||| ENCHANTING +1 war axe of freezing.
  4104 | D:4      | 4104 ||| READING 3 scrolls of identify.
  4104 | D:4      | 4104 ||| IDENTIFYING white potion
  4105 | D:4      | 4105 ||| READING 2 scrolls of identify.
  4105 | D:4      | 4105 ||| IDENTIFYING purple potion
  4106 | D:4      | 4106 ||| DROPPING potion of flight.
  4124 | D:5      | Entered Level 5 of the Dungeon
  4272 | D:5      | 4272 ||| Stepping ~*~*~tactically~*~*~ (stealth).
  4273 | D:5      | 4273 ||| Stepping ~*~*~tactically~*~*~ (stealth).
  4285 | D:5      | Reached skill level 3 in Fighting
  4287 | D:5      | Reached XP level 7. HP: 21/41 MP: 11/11
  4522 | D:5      | Found Varelaki's Antique Weapon Shoppe.
  4537 | D:5      | Reached skill level 8 in Axes
  4625 | D:5      | 4625 ||| Stepping ~*~*~tactically~*~*~ (stealth).
  4626 | D:5      | 4626 ||| Stepping ~*~*~tactically~*~*~ (stealth).
  5060 | D:5      | HP: 10/41 [gnoll/+0 spear[a gnoll bouda] (2)]
  5061 | D:5      | 5061 ||| DRINKING potion of heal wounds.
  5723 | D:5      | 5723 ||| UPGRADING to +0 cloak.
  5728 | D:5      | 5728 ||| READING scroll of enchant armour.
  5728 | D:5      | 5728 ||| ENCHANTING +0 cloak.
  5729 | D:5      | 5729 ||| UPGRADING to amulet of the acrobat.
  5734 | D:5      | 5734 ||| UPGRADING to ring of protection from cold.
  5735 | D:5      | 5735 ||| READING 2 scrolls of identify.
  5735 | D:5      | 5735 ||| IDENTIFYING cyan potion
  5736 | D:5      | 5736 ||| DROPPING potion of brilliance.
  5774 | D:6      | Found a snail-covered altar of Cheibriados.
  5799 | D:6      | Noticed a yak
  5811 | D:6      | Killed a yak
  5812 | D:6      | Reached XP level 8. HP: 27/46 MP: 12/12
  5937 | D:6      | Noticed a yak
  5938 | D:6      | Noticed a yak
  5939 | D:6      | 5939 ||| Stepping ~*~*~tactically~*~*~ (stealth).
  5942 | D:6      | Noticed a yak
  5943 | D:6      | 5943 ||| Stepping ~*~*~tactically~*~*~ (stealth).
  5944 | D:6      | 5944 ||| Stepping ~*~*~tactically~*~*~ (stealth).
  5947 | D:6      | Noticed a yak
  5948 | D:6      | Noticed a yak
  5949 | D:6      | Killed a yak
  5950 | D:6      | Reached skill level 9 in Axes
  5953 | D:6      | Killed a yak
  5956 | D:6      | HP: 12/48 [yak (1)]
  5957 | D:6      | HP: 4/48 [yak (3)]
  5958 | D:6      | Killed a yak
  5958 | D:6      | Slain by a yak

Levels and vault maps discovered:
D:1:      lightli_arrival_chessboard, layout_loops_ring,
          hellmonk_ecumenical_altar_defaced_shrine, serial_forest,
          infiniplex_forest_end_double, infiniplex_forest_clump_medium,
          infiniplex_forest_lined_2, infiniplex_forest_corner_2,
          infiniplex_forest_clump_curved, infiniplex_forest_end_3
D:2:      layout_basic, serial_shops, nicolae_diamond_shop
D:3:      minmay_wonky_spiral, layout_loops_ring, old_standard_altar
D:4:      layout_rooms, solitary_fountain, uniq_eustachio
D:5:      layout_gridville, serial_shops, nicolae_inconvenience_store,
          guppyfry_early_lair_pool
D:6:      layout_loops_ring, slow_altar_2, minmay_temple_entry_ruins

Skill      XL: |  1  2  3  4  5  6  7  8 |
---------------+-------------------------+-----
Axes           | 3 4 5 7 8 9 |  9.3
Armour         | 2 4 |  4.2
Fighting       | 3 4 |  4.2
Throwing       | |  1.0
Dodging        | |  2.1
Spellcasting   | |  2.0
Translocations | |  2.4

Action                   |  1- 3 |  4- 6 |  7- 9 || total
-------------------------+-------+-------+-------++-------
Melee: Hand axe          |    88 |    58 |       ||   146
       Kick              |    17 |    25 |    23 ||    65
       Peck              |     5 |    21 |    13 ||    39
       Punch             |     3 |       |     1 ||     4
       War axe           |       |    48 |    76 ||   124
Throw: Boomerang         |     7 |       |       ||     7
  Use: Scroll            |     9 |     4 |     2 ||    15
       Potion            |     2 |     1 |     1 ||     4
Armor: Leather armour    |    12 |       |       ||    12
       Chain mail        |     3 |    49 |    43 ||    95
Dodge: Dodged            |    50 |    29 |    38 ||   117

Table legend:
 A = Non-vault XP
 B = Vault XP
 C = Vault XP percentage of total XP
 D = Non-vault monster count
 E = Vault monster count
 F = Vault count percentage of total count
                 A         B        C        D         E       F
            +---------+---------+-------+---------+---------+-------
      Total |    1705 |     248 |  12.7 |      91 |       9 |   9.0
            +---------+---------+-------+---------+---------+-------
        D:1 |      22 |       2 |   8.3 |      11 |       2 |  15.4
        D:2 |      55 |       0 |   0.0 |      24 |       0 |   0.0
        D:3 |     120 |     202 |  62.7 |      19 |       6 |  24.0
        D:4 |      43 |       0 |   0.0 |      12 |       0 |   0.0
        D:5 |     661 |       0 |   0.0 |      21 |       0 |   0.0
        D:6 |     804 |      44 |   5.2 |       4 |       1 |  20.0
            +---------+---------+-------+---------+---------+-------
